 Dungeon Crawl Stone Soup version 0.29-a0-717-g6dac4ea423 (webtiles) character file.

Game seed: 14515660117537367207

24 polve the Chopper (level 2, 0/24 HPs)
             Began as a Demonspawn Abyssal Knight on June 26, 2022.
             Was a Believer of Lugonu.
             Slain by a jackal (3 damage)
             ... on level 1 of the Dungeon.
             The game lasted 00:00:38 (1146 turns).

polve the Chopper (Demonspawn Abyssal Knight)       Turns: 1146, Time: 00:00:39

Health: 0/24       AC:  3    Str: 13    XL:     2   Next: 79%
Magic:  3/3        EV: 11    Int: 11    God:    Lugonu [**....]
Gold:   33         SH:  0    Dex: 13    Spells: 1/1 levels left

rFire   . . .      SeeInvis .   a - +1 hand axe
rCold   . . .      Faith    .   (no shield)
rNeg    . . .      Spirit   .   b - +0 leather armour
rPois   .          Reflect  .   (no helmet)
rElec   .          Harm     .   (no cloak)
rCorr   .          Rampage  .   (no gloves)
Will    .....                   (no boots)
Stlth   +.........              (no amulet)
HPRegen 0.08/turn               (no ring)
MPRegen 0.08/turn               (no ring)

@: no status effects
A: hooves 1
a: Renounce Religion, Depart the Abyss, Bend Space


You were on level 1 of the Dungeon.
You worshipped Lugonu.
Lugonu was pleased with you.
You visited 1 branch of the dungeon, and saw 2 of its levels.
You visited the Abyss 1 time.

You collected 33 gold pieces.

Inventory:

Hand Weapons
 a - a +1 hand axe (weapon)
Armour
 b - a +0 leather armour (worn)
Potions
 c - 2 potions of heal wounds {unknown}
 d - 2 potions of magic {unknown}


   Skills:
 - Level 3.0 Fighting
 + Level 3.1 Axes
 - Level 1.7 Armour
 - Level 0.8 Dodging
 - Level 2.4 Invocations


You had one spell level left.
You didn't know any spells.
Your spell library was empty.

Dungeon Overview and Level Annotations

Branches:
Dungeon (2/15)

Altars:
Gozag


Innate Abilities, Weirdness & Mutations

You have large cloven feet.


Message History

The jackal barely misses you. The jackal bites you. The jackal bites you.
The jackal bites you but does no damage.
The jackal bites you.
The jackal bites you but does no damage.
The jackal closely misses you. The jackal misses you. The jackal misses you.
The jackal barely misses you.
The jackal bites you but does no damage.
The jackal barely misses you. The jackal bites you.
The jackal bites you but does no damage.
The jackal closely misses you. x2
The jackal barely misses you. The jackal bites you.
* * * LOW HITPOINT WARNING * * *
The jackal bites you but does no damage. x2
The jackal misses you. x2
The jackal bites you.
* * * LOW HITPOINT WARNING * * *
The jackal barely misses you. The jackal misses you. The jackal bites you.
* * * LOW HITPOINT WARNING * * *
The jackal completely misses you. The jackal misses you.
The jackal barely misses you. The jackal closely misses you.
The jackal barely misses you.
The jackal bites you but does no damage.
The jackal closely misses you. x2; The jackal barely misses you.
The jackal bites you but does no damage.
The jackal bites you but does no damage. x2
The jackal barely misses you. The jackal closely misses you. x2
The jackal bites you but does no damage.
The jackal bites you.
* * * LOW HITPOINT WARNING * * *
The jackal closely misses you.
The jackal bites you but does no damage. x2
The jackal closely misses you. The jackal barely misses you.
The jackal closely misses you. The jackal barely misses you.
The jackal bites you but does no damage.
The jackal misses you.
The jackal bites you but does no damage. x2
The jackal bites you.
You die...

.P.PP..........#........
.P......######.#.#######
........# #.#.#
........######.#.#
........##...#.#.#
##..######...#.#.# #..
#...#.#.#####
#..######...#.#.....#
#.>wbh@.'...#.#####.#
.....hh###..†#.# #.#
......b ####'#'#####.#
.(..... #.........##.#
....... #.........##.#
....... #........>##.###
....... #.........'....#
....... #.........######
#............#


You could see a dart slug, 3 jackals and 2 bats.

Vanquished Creatures
  A dart slug (D:1)
  An endoplasm (D:1)
  A giant cockroach (D:1)
  3 hobgoblins
  2 jackals (D:1)
  A kobold (D:1)
  3 quokkas (D:1)
  4 ball pythons
  A frilled lizard (D:1)
  3 rats (D:1)
20 creatures vanquished.

Vanquished Creatures (others)
  4 plants (D:1)
4 creatures vanquished.

Grand Total: 24 creatures vanquished

Notes
Turn   | Place    | Note
-------+----------+-------------------------------------------
     0 | Abyss:1  | polve the Demonspawn Abyssal Knight began the quest for the
                  | Orb.
     0 | Abyss:1  | Reached XP level 1. HP: 18/18 MP: 2/2
    33 | Abyss:1  | Found a corrupted altar of Lugonu.
   239 | Abyss:1  | Noticed a starcursed mass
   240 | D:1      | Escaped the Abyss
   400 | D:1      | Found a faded altar of an unknown god.
   455 | D:1      | You fall into a shaft and drop 1 floor!
   468 | D:2      | Reached ** piety under Lugonu
   472 | D:2      | Found an opulent altar of Gozag.
   482 | D:1      | Discovered your monstrous ancestry.
   482 | D:1      | Gained mutation: You have large cloven feet. [demonic
                  | ancestry]
   482 | D:1      | Reached XP level 2. HP: 17/24 MP: 3/3
  1146 | D:1      | Slain by a jackal

Illustrated notes

Levels and vault maps discovered:
D:1:      lemuel_arrival_funnel, layout_basic, chequers_ecumenical_altar_simple,
          serial_bayou_pond_c
D:2:      layout_rooms, serial_shops, nicolae_shop_trees, basic_altar,
          uniq_jessica

Skill      XL: |  1  2 |
---------------+-------+-----
Axes           | 2 3 |  3.1
Fighting       | |  3.0
Armour         | |  1.7
Dodging        | |  0.8
Invocations    | |  2.4

Action                   || total
-------------------------++-------
Melee: Hand axe          ||    47
       Kick              ||     9
       Punch             ||     1
Invok: Depart the Abyss  ||     1
Armor: Leather armour    ||    32
Dodge: Dodged            ||    77

Table legend: (Time is in decaauts)
 A = Elapsed time spent in this place.
 B = Non-inter-level travel time spent in this place.
 C = Inter-level travel time spent in this place.
 D = Time resting spent in this place.
 E = Time spent auto-exploring this place.
 F = Levels seen in this place.
 G = Mean time per level.
                   A        B        C        D        E       F      G
               +--------+--------+--------+--------+--------+-----+--------+
         Total |   1153 |   1153 |      0 |      0 |   1005 |   3 |  384.3 |
       Dungeon |    913 |    913 |      0 |      0 |    766 |   2 |  456.5 |
         Abyss |    240 |    240 |      0 |      0 |    239 |   1 |  240.0 |
               +--------+--------+--------+--------+--------+-----+--------+

Top non-repeatable levels by time:
     D:1: 890 daAuts
 Abyss:1: 240 daAuts
     D:2: 23 daAuts
